 Dungeon Crawl Stone Soup version 0.26.0-45-g9c1d065592 (webtiles) character file.

Game seed: 11502146780727623584

7113 sahdkjhfkaj the Grappler (level 10, -1/104 HPs)
             Began as a Troll Fighter on Jan 28, 2021.
             Was a High Priest of Makhleb.
             Slain by an unseen horror (3 damage)
             ... on level 11 of the Dungeon on Jan 29, 2021.
             The game lasted 00:15:48 (9071 turns).

sahdkjhfkaj the Grappler (Troll Fighter)            Turns: 9071, Time: 00:15:48

Health: -1/104     AC:  7    Str: 26    XL:     10   Next: 85%
Magic:  11/11      EV: 13    Int:  7    God:    Makhleb [*****.]
Gold:   815        SH: 10    Dex:  9    Spells: 9/9 levels left

rFire    . . .     SeeInvis .     - Unarmed
rCold    . . .     Faith    .   b - +0 kite shield
rNeg     . . .     Spirit   .   a - +0 robe
rPois    +         Reflect  .   (helmet restricted)
rElec    .         Harm     .   z - +0 cloak "Copniddu" {rPois Stlth+} (curse)
rCorr    .         Rampage  .   (gloves unavailable)
Will     .....                  (boots unavailable)
Stlth    ++........             B - amulet of regeneration
HPRegen  1.07/turn              A - +4 ring of evasion
MPRegen  0.12/turn              (no ring)

@: lethally poisoned (-1 -> -1), marked
A: large, unfitting armour, claws 3, regeneration 1, shaggy fur 1, tough skin 3
a: Renounce Religion, Minor Destruction, Lesser Servant of Makhleb, Major
Destruction, Greater Servant of Makhleb


You were on level 11 of the Dungeon.
You worshipped Makhleb.
Makhleb was extremely pleased with you.
You visited 1 branch of the dungeon, and saw 12 of its levels.

You collected 815 gold pieces.

Inventory:

Armour
 a - a +0 robe (worn)
 b - a +0 kite shield (worn)
 z - the cursed +0 cloak "Copniddu" (worn) {rPois Stlth+}
   (You found it on level 7 of the Dungeon)

   It protects you from poison.
   It makes you more stealthy.
   It has a curse placed upon it.
Jewellery
 n - an uncursed ring of flight
 y - an uncursed ring of fire
 A - a +4 ring of evasion (left claw)
 B - an amulet of regeneration (around neck)
 J - an uncursed ring of ice
Wands
 f - a wand of iceblast (10)
 l - a wand of polymorph (9)
 x - a wand of enslavement (7)
 E - a wand of paralysis (7)
 F - a wand of digging (5)
 L - a wand of flame (18)
Scrolls
 d - 4 scrolls of enchant weapon
 e - 6 scrolls of remove curse
 g - a scroll of enchant armour {unknown}
 j - 2 scrolls of random uselessness {unknown}
 k - 3 scrolls of fog
 p - a scroll of blinking {unknown}
 q - 2 scrolls of magic mapping {unknown}
 r - 3 scrolls of teleportation {unknown}
 t - a scroll of amnesia
 u - 2 scrolls of immolation {unknown}
 w - a scroll of noise {unknown}
 D - a scroll of summoning {unknown}
 G - a scroll of brand weapon {unknown}
 I - a scroll of torment {unknown}
Potions
 c - 4 potions of might
 h - 3 potions of haste
 i - 2 potions of cancellation
 m - 2 potions of heal wounds
 o - a potion of ambrosia
 s - a potion of lignification
 v - 9 potions of curing
 C - a potion of mutation {unknown}
 K - a potion of magic
Miscellaneous
 H - a tin of tremorstones (1/2)


   Skills:
 - Level 8.0 Fighting
 + Level 5.6 Throwing
 - Level 3.0 Dodging
 - Level 1.0 Stealth
 - Level 5.0 Shields
 - Level 10.0 Unarmed Combat
 - Level 3.0 Invocations
 - Level 3.0 Evocations


You had 9 spell levels left.
You didn't know any spells.
Your spell library contained the following spells:

 Spells                   Type           Power        Failure   Level
 Beastly Appendage        Tmut           0%           73%         1
 Corona                   Hex            0%           73%         1
 Ensorcelled Hibernation  Hex/Ice        0%           86%         2
 Wereblood                Tmut           0%           86%         2
 Confusing Touch          Hex            0%           97%         3
 Dazzling Flash           Conj/Hex       0%           97%         3
 Gell's Gravitas          Tloc           0%           97%         3
 Spider Form              Tmut/Pois      0%           97%         3
 Tukima's Dance           Hex            0%           97%         3
 Ice Form                 Ice/Tmut       0%           100%        4
 Petrify                  Tmut/Erth      0%           100%        4
 Blade Hands              Tmut           0%           100%        5
 Metabolic Englaciation   Hex/Ice        0%           100%        5
 Yara's Violent Unravell  Hex/Tmut       0%           100%        5


Dungeon Overview and Level Annotations

Branches:
Dungeon (12/15)            Temple (0/1) D:6            Lair (0/6) D:8
    Orc: D:9-12

Altars:
Ashenzari
Gozag
Kikubaaqudgha
Makhleb
Nemelex Xobeh
Okawaru
Qazlal
Sif Muna
Trog
Uskayaw
Xom
Yredelemnul
Zin
Beogh

Shops:
D:5 *

Annotations:
D:4 1 runed translucent door
D:7 2 transporters, Twinkles's ghost, novice MfIE


Innate Abilities, Weirdness & Mutations

You are too large for most types of armour.
You have claws for hands.
Your natural rate of healing is unusually fast.
You are covered in fur. (AC +1)
You have extremely tough skin. (AC +3)


Message History

Unknown command.
Unknown command.
Unknown command.
Unknown command.
Unknown command.
Unknown command.
Unknown command.
Unknown command.
Unknown command.
Unknown command.
Unknown command.
Unknown command.
Unknown command.
Unknown command.
Unknown command.
Unknown command.
You feel sick. Something hits you but does no damage. Something hits you.
You die...

###...................#
#.......<........[..#
#...##+####.#########
...... #.# .##.## #.#
#.######## #.yy.....#
#..y.....# ###.y.@....#
#..........#
#......#####
#.....)......#
#..###.......#
#<......# ##..(...#
.......# ##......#


You could see 4 killer bees.

Vanquished Creatures
  A slime creature (D:11)
  A centaur skeleton (D:9)
  Sigmund (D:5)
  A basilisk (D:8)
  3 wyverns (D:8)
  A soldier ant (D:10)
  4 water moccasins
  A hornet zombie (D:6)
  8 orc warriors
  3 sky beasts
  2 phantoms
  3 black bears
  2 ice beasts
  A necrophage (D:3)
  2 eyes of draining
  4 ogres
  2 wolves (D:8)
  3 centaurs
  2 bullfrogs
  A big kobold (D:8)
  A gnoll sergeant (D:8)
  A water moccasin skeleton (D:7)
  3 scorpions
  7 electric eels (D:8)
  9 wights
  2 howler monkeys (D:9)
  A bullfrog zombie (D:8)
  4 jellies
  A quasit (D:7)
  3 orc priests
  4 hounds
  2 bullfrog skeletons
  4 orc wizards
  2 iguanas
  6 worker ants
  A hound zombie (D:7)
  Robin (D:2)
  A worker ant zombie (D:10)
  12 gnolls
  10 adders
  3 white imps
  4 ufetubi
  An ooze (D:3)
  An adder skeleton (D:5)
  4 worms
  4 dart slugs
  8 leopard geckos
  49 orcs
  2 ball pythons
  4 giant cockroaches
  16 goblins
  4 hobgoblins
  13 jackals
  13 kobolds
  8 quokkas
  7 bats
  7 frilled lizards
  10 rats
279 creatures vanquished.

Vanquished Creatures (others)
  A human (D:9)
  31 plants
32 creatures vanquished.

Grand Total: 311 creatures vanquished

Notes
Turn   | Place    | Note
-------+----------+-------------------------------------------
     0 | D:1      | sahdkjhfkaj the Troll Fighter began the quest for the Orb.
     0 | D:1      | Reached XP level 1. HP: 22/22 MP: 0/0
   110 | D:1      | Reached XP level 2. HP: 29/29 MP: 1/1
   143 | D:1      | Found a sparkling altar of Nemelex Xobeh.
   204 | D:1      | Reached skill level 3 in Unarmed Combat
   658 | D:2      | Reached XP level 3. HP: 35/37 MP: 2/2
   663 | D:2      | Found a burning altar of Makhleb.
   692 | D:2      | Became a worshipper of Makhleb the Destroyer
   783 | D:2      | Reached skill level 1 in Stealth
   783 | D:2      | Reached XP level 4. HP: 35/45 MP: 3/3
   833 | D:2      | Noticed Robin
   908 | D:2      | Reached skill level 4 in Unarmed Combat
   925 | D:2      | HP: 3/67 [gnoll/+0 halberd (4)]
   928 | D:2      | Reached skill level 1 in Throwing
   931 | D:2      | Reached XP level 5. HP: 6/53 MP: 4/4
   971 | D:2      | Killed Robin
   979 | D:2      | Reached * piety under Makhleb
  1421 | D:3      | Reached skill level 5 in Unarmed Combat
  1448 | D:3      | HP: 2/53 [gnoll (6)]
  1549 | D:3      | Reached XP level 6. HP: 58/61 MP: 5/5
  1788 | D:3      | Reached ** piety under Makhleb
  1965 | D:3      | Found a bloodstained altar of Trog.
  2352 | D:4      | Reached skill level 6 in Unarmed Combat
  2461 | D:4      | Found an iron altar of Okawaru.
  2676 | D:4      | Found a runed translucent door.
  2684 | D:4      | Found a glowing silver altar of Zin.
  2686 | D:4      | Noticed an angel
  2948 | D:4      | Found a hide-covered altar of Uskayaw.
  2961 | D:4      | Reached XP level 7. HP: 68/68 MP: 6/6
  3106 | D:5      | Entered Level 5 of the Dungeon
  3106 | D:5      | Found Yweecipt's Elemental Accessories.
  3304 | D:5      | Reached skill level 1 in Evocations
  3304 | D:5      | Reached skill level 1 in Invocations
  3347 | D:5      | Reached *** piety under Makhleb
  3361 | D:5      | Noticed Sigmund
  3381 | D:5      | Killed Sigmund
  3382 | D:5      | Reached skill level 7 in Unarmed Combat
  3651 | D:5      | Reached XP level 8. HP: 78/78 MP: 7/7
  3752 | D:5      | Reached skill level 8 in Unarmed Combat
  4216 | D:6      | Found a shimmering altar of Xom.
  4216 | D:6      | Found a glowing silver altar of Zin.
  4216 | D:6      | Noticed an angel
  4220 | D:6      | Reached skill level 5 in Fighting
  4448 | D:6      | Found a broken altar of Ashenzari.
  4507 | D:6      | Found a staircase to the Ecumenical Temple.
  4681 | D:7      | Got a heavily runed cloak
  4686 | D:7      | Identified the cursed +0 cloak "Copniddu" {rPois Stlth+}
                  | (You found it on level 7 of the Dungeon)
  4774 | D:7      | Noticed a moth of wrath
  4774 | D:7      | Noticed Twinkles's ghost (novice MfIE)
  4776 | D:7      | Found a transporter.
  4777 | D:7      | Found a bloodstained altar of Trog.
  4791 | D:7      | Found a transporter.
  4807 | D:7      | Identified the +6 trident of Ceqiplyi {antimagic, Dex+4}
  4950 | D:7      | You fall into a shaft and drop 2 floors!
  5004 | D:8      | Reached **** piety under Makhleb
  5010 | D:8      | Reached XP level 9. HP: 73/84 MP: 9/9
  5011 | D:8      | Reached skill level 9 in Unarmed Combat
  5191 | D:8      | Found a staircase to the Lair.
  5205 | D:8      | Reached skill level 10 in Unarmed Combat
  5776 | D:8      | Found a sparkling altar of Nemelex Xobeh.
  5776 | D:8      | Found an opulent altar of Gozag.
  5943 | D:8      | Reached XP level 10. HP: 46/100 MP: 10/10
  6278 | D:8      | Found a shimmering blue altar of Sif Muna.
  6365 | D:8      | HP: 5/102 [electric eel/bolt of electricity (9)]
  6474 | D:8      | Reached ***** piety under Makhleb
  6628 | D:8      | Found a stormy altar of Qazlal.
  6916 | D:9      | Reached skill level 5 in Throwing
  7087 | D:9      | Found a basalt altar of Yredelemnul.
  7098 | D:9      | Found an ancient bone altar of Kikubaaqudgha.
  7991 | D:10     | Entered Level 10 of the Dungeon
  8167 | D:10     | Found a roughly hewn altar of Beogh.
  8181 | D:10     | Reached skill level 5 in Shields
  8909 | D:11     | You fall into a shaft and drop 1 floor!
  9070 | D:11     | HP: 2/104 [something (5)]
  9071 | D:11     | Slain by an unseen horror

Illustrated notes

Levels and vault maps discovered:
D:1:      dpeg_arrival_shrine, layout_basic, nemelex_diamond_rough_becter
D:2:      minmay_alternating_diamond, layout_rooms, lemuel_doored_altar,
          uniq_robin
D:3:      layout_basic, nicolae_overflow_crystal_walls, minmay_circle_x
D:4:      layout_loops_corners, lemuel_crystal_altar,
          eat_drink_and_be_merry_uskayaw, lemuel_angel_altar
D:5:      layout_loops_cross, dk_noncrumbling_4, serial_bayou_ford_a,
          grunt_ministairs_9, nicolae_elemental_shop,
          hangedman_abyss_or_decor_stagger, uniq_sigmund
D:6:      layout_basic, grunt_temple_overflow_order_and_chaos_1,
          lemuel_coloured_pillars_altar, minmay_temple_entry_crystal_x,
          kennysheep_generic_room_15
D:7:      layout_basic, gammafunk_ghost_wrathful_warriors
D:8:      layout_loops_corners, grunt_temple_overflow_opulence,
          overflow_temple_1_default, general_overflow_altar,
          minmay_lair_entry_grove, serial_bayou, serial_bayou_shore_a,
          serial_bayou_pond_b, serial_bayou_lake_a, serial_bayou_lagoon_a,
          kennysheep_flooded_box
D:9:      layout_layer_cave, kennysheep_mini_moat, tgw_kikubaaqudgha
D:10:     layout_roguey [special_room_orc]
D:11:     layout_basic
D:12:     layout_basic, orc_0_dummy, biasface_ghost_orc_armoury, eino_jars

Skill      XL: |  1  2  3  4  5  6  7  8  9 10 |
---------------+-------------------------------+-----
Unarmed Combat | 3 4 5 6 7 8 10 | 10.0
Fighting       | 3 4 5 6 8 |  8.0
Stealth        | 1 |  1.0
Throwing       | 1 2 3 4 5 |  5.6
Evocations     | 1 2 3 |  3.0
Invocations    | 1 2 3 |  3.0
Shields        | 3 4 5 |  5.0
Dodging        | 3 |  3.0

Action                   |  1- 3 |  4- 6 |  7- 9 | 10-12 || total
-------------------------+-------+-------+-------+-------++-------
Melee: Unarmed           |    95 |   218 |   380 |   254 ||   947
Evoke: Wand              |       |       |       |     8 ||     8
       Tin of tremorston |       |       |       |     1 ||     1
  Use: Scroll            |     1 |     4 |     6 |     2 ||    13
       Potion            |       |     2 |     1 |       ||     3
 Stab: Sleeping          |       |     6 |     4 |     3 ||    13
       Paralysed         |       |       |       |     7 ||     7
Armor: Robe              |    33 |    58 |    76 |    38 ||   205
       Skin              |       |    19 |       |       ||    19
Dodge: Dodged            |    36 |    69 |   143 |    89 ||   337
Block: Kite shield       |    43 |    83 |   144 |    80 ||   350
